 Dungeon Crawl Stone Soup version 0.25.1-2-g60ff931df9 (webtiles) character file.

Game seed: 9521564537472776023

25309 lepoulpe303 the Thaumaturge (level 12, -8/51 HPs)
             Began as a Spriggan Earth Elementalist on Sept 4, 2020.
             Was a High Priest of Dithmenos.
             Mangled by a sun demon (12 damage)
             ... summoned by an orc sorcerer
             ... while paralysed by an orc sorcerer
             ... on level 2 of the Orcish Mines.
             The game lasted 01:38:21 (21028 turns).

lepoulpe303 the Thaumaturge (SpEE)                 Turns: 21028, Time: 01:38:22

Health: -8/51      AC:  5    Str:  4    XL:     12   Next: 88%
Magic:  9/37       EV:  4    Int: 22    God:    Dithmenos [*****.]
Gold:   644        SH:  0    Dex: 22    Spells: 12/34 levels left

rFire    . . .     SeeInvis +   a - +2 dagger (venom)
rCold    . . .     Gourm    .   (shield restricted)
rNeg     . . .     Faith    .   J - +0 steam dragon scales
rPois    .         Spirit   .   (helmet restricted)
rElec    .         Reflect  +   (no cloak)
rCorr    .         Harm     .   (gloves unavailable)
MR       ++...                  (boots unavailable)
Stlth    ++++++++..             t - amulet of reflection
HPRegen  0.17/turn              G - ring of magical power {MP+9}
MPRegen  0.25/turn              g - +6 ring of dexterity

@: paralysed, wreathed by umbra, lightly drained, very quick
A: very small, unfitting armour, see invisible, herbivore, speed 3, slow
metabolism 2
a: Shadow Step, Shadow Form, Renounce Religion


You were on level 2 of the Orcish Mines.
You worshipped Dithmenos.
Dithmenos was extremely pleased with you.
You were not hungry.

You visited 2 branches of the dungeon, and saw 11 of its levels.

You collected 1452 gold pieces.
You spent 808 gold pieces at shops.

Inventory:

Hand Weapons
 a - a +2 dagger of venom (weapon)
 b - a +3 short sword
 c - a +2 vampiric dagger
Missiles
 k - 11 poisoned darts (quivered)
 m - 5 atropa-tipped darts
 Q - 78 stones
Armour
 n - a scarf of harm
 r - a +0 robe
 w - +1 acid dragon scales
 J - +0 steam dragon scales (worn)
Magical Staves
 H - an uncursed staff of summoning {unknown}
Jewellery
 g - a +6 ring of dexterity (right hand)
 t - an amulet of reflection (around neck)
 v - an uncursed ring of flight
 F - an uncursed ring of protection from fire
 G - a ring of magical power (left hand) {MP+9}
 I - an uncursed ring of protection from cold
Wands
 A - a wand of clouds (3)
Scrolls
 d - a scroll of random uselessness {unknown}
 f - 2 scrolls of fog
 h - 2 scrolls of enchant armour
 i - 2 scrolls of identify
 j - 2 scrolls of amnesia
 o - 6 scrolls of teleportation
 p - a scroll of noise {unknown}
 u - a scroll of fear {unknown}
 y - a scroll of immolation {!r}
 B - a scroll of blinking {!r}
 E - a scroll of silence {unknown}
Potions
 l - 4 potions of heal wounds
 s - a potion of magic {unknown}
 x - a potion of stabbing {unknown}
 z - 3 potions of haste {unknown}
 C - a potion of berserk rage {unknown}
 D - a potion of might {unknown}
Comestibles
 e - 13 rations


   Skills:
 + Level 7.5(6.9) Short Blades
 - Level 4.0(3.4) Armour
 + Level 10.4(9.8) Dodging
 + Level 11.2(10.5) Stealth
 * Level 11.9(11.3) Spellcasting
 * Level 9.7(9.1) Hexes
 - Level 1.3(0.8) Transmutations
 * Level 9.7(9.0) Earth Magic
 + Level 6.8(6.2) Invocations


You had 12 spell levels left.
You knew the following spells:

 Your Spells              Type           Power        Failure   Level  Hunger
a - Sandblast             Erth           ######       1%          1    None
b - Fulminant Prism       Conj/Hex       ####......   9%          4    #......
c - Petrify               Tmut/Erth      ####....     7%          4    #......
d - Dazzling Flash        Conj/Hex       ####..       2%          3    None
w - Passwall              Tmut/Erth      ####....     1%          2    None
x - Stone Arrow           Conj/Erth      ####..       2%          3    None
z - Lee's Rapid Deconstr  Erth           ######....   3%          5    ####...

Your spell library contained the following spells:

 Spells                   Type           Power        Failure   Level  Hunger
 Foxfire                  Conj/Fire      ##..         5%          1    None
 Magic Dart               Conj           ##..         5%          1    None
 Searing Ray              Conj           ##....       9%          2    None
 Iskenderun's Mystic Bla  Conj/Tloc      ##......     47%         4    #......


Dungeon Overview and Level Annotations

Branches:
Dungeon (9/15)             Temple (0/1) D:6            Lair (0/6) D:9
    Orc (2/2) D:9             Elf (0/3) Orc:2

Altars:
Dithmenos
Elyvilon
Kikubaaqudgha
Nemelex Xobeh
Sif Muna
Trog
Xom
Yredelemnul
The Shining One
Beogh

Shops:
D:7 *?}   D:8 *   D:9 =?%*!   Orc:1 %   Orc:2 !*?

Annotations:
D:3 revenir avec fly
D:7 death knight !


Innate Abilities, Weirdness & Mutations

You are very small and have problems with some larger weapons.
You are too small for most types of armour.
You have supernaturally acute eyesight. (SInv)
You are a herbivore.
You cover ground extremely quickly.
You need to consume almost no food.


Message History

You now have 10/37 mp.
Aim: an orc sorcerer, wielding a +0 dagger and wearing a +0 robe (almost dead, umbra)
The stone arrow misses the orc sorcerer.
* * * LOW MAGIC WARNING * * *
You now have 8/37 mp.
You hit the orc sorcerer but do no damage.
The orc sorcerer is poisoned.
The orc sorcerer casts a spell at you.
You suddenly lose the ability to move!
The orc sorcerer points at you and mumbles some strange words.
You resist with almost no effort. The sun demon hits you!
You are engulfed in flames!!
* * * LOW HITPOINT WARNING * * *
The orc sorcerer points at you and mumbles some strange words.
The bolt of negative energy hits you!!
You feel drained.
* * * LOW HITPOINT WARNING * * *
The sun demon hits you but does no damage.
The sun demon hits you!
You die...

##....# ##..## #....#####
####..## ##....##.## ##.###..##
.#........# #...###..##
......#...# #.#.###..##
.....#.#.## #...#...###..##
..........# #...###...###..##
.........###.o.##3##...###..##
..#.....###..4##@o.##........##
.#.....###(..##).#..##...#....##
∩.....###(#.##..## ..##....#...##
.....###.......## ..##.....#.∩#
....###...(.#)## ..##..#.....
.....###..()..)# ##.....#.∩#
......###.#)##..# ##....#)..##
.......###.()##..# ##...#.)).###
........###...##...##....)...###.


You could see a sun demon (summoned) and an orc sorcerer (very poisoned).

Levels and vault maps discovered:
D:1:      saegor_arrival_simple_e, layout_loops_ring
D:2:      layout_basic, grunt_dithmenos_smoke_and_mirrors,
          gammafunk_temple_overflow_statue
D:3:      layout_rooms, marbit_many_paths, led_sif_book
D:4:      layout_rooms, kiku_gazebo_garden_becter, guppyfry_early_lair_pool
D:5:      layout_basic, first_ration, uniq_menkaure
D:6:      layout_loops_ring, minmay_temple_entry_drinking_statues, basic_altar,
          chequers_mini_garden, grunt_ministairs_3, minmay_hedge_maze,
          uniq_sigmund, uniq_edmund, uniq_duvessa
D:7:      minmay_chambers_of_sevens, layout_basic,
          nicolae_overflow_crystal_walls, trog_ov_bears_minmay, serial_shops,
          kennysheep_mini_moat, nicolae_shop_trees, shop, shop
D:8:      layout_cave_pools, serial_shops, shop_fountains, basic_altar,
          uniq_maggie
D:9:      layout_rooms, lemuel_doored_altar, due_lair_maze_entry_diamond,
          serial_shops, shop, kennysheep_mini, shop_fountains, shop, shop,
          uniq_pikel
Orc:1:    layout_caves, basic_altar, serial_shops, nicolae_shop_behind_doors,
          nicolae_orc_lava_tube
Orc:2:    pf_orc_diabolical, layout_diamond_mine, serial_shops, shop

Notes
Turn   | Place    | Note
-------+----------+-------------------------------------------
     0 | D:1      | lepoulpe303 the Spriggan Earth Elementalist began the quest
                  | for the Orb.
     0 | D:1      | Reached XP level 1. HP: 9/9 MP: 5/5
    21 | D:1      | Identified a +0 club
   216 | D:1      | Reached skill level 3 in Spellcasting
   253 | D:1      | Identified a cursed -1 short sword
   254 | D:1      | Reached XP level 2. HP: 13/13 MP: 5/7
   340 | D:1      | Reached skill level 3 in Earth Magic
   491 | D:1      | You fall into a shaft and drop 1 floor!
   554 | D:2      | Identified a +0 club
   640 | D:2      | Noticed a sky beast
  1192 | D:2      | Found a shadowy altar of Dithmenos.
  1203 | D:2      | lepoulpe303: !whichgod spee
  1203 | D:2      | meem: 11 recent wins for spee: 4x Gozag, 3x Zin,
                  | Cheibriados, Dithmenos, Makhleb, Vehumet
  1205 | D:2      | Became a worshipper of Dithmenos the Shadowed
  1220 | D:2      | Reached XP level 3. HP: 16/16 MP: 3/8
  1224 | D:2      | Learned a level 2 spell: Passwall
  1228 | D:2      | Learned a level 3 spell: Stone Arrow
  1326 | D:2      | Identified a +0 club
  1414 | D:2      | Killed a sky beast
  1414 | D:2      | Reached skill level 1 in Short Blades
  1414 | D:2      | Reached skill level 4 in Dodging
  1414 | D:2      | Reached XP level 4. HP: 21/21 MP: 6/10
  1518 | D:2      | Identified a +0 club
  1520 | D:2      | Reached skill level 1 in Invocations
  1520 | D:2      | Reached XP level 5. HP: 22/24 MP: 7/11
  1548 | D:2      | Found a shimmering altar of Xom.
  1549 | D:2      | Found a glowing golden altar of the Shining One.
  1704 | D:2      | Reached skill level 4 in Spellcasting
  1798 | D:2      | Identified 2 scrolls of amnesia
  1799 | D:2      | Identified a scroll of fog
  1800 | D:2      | Identified a scroll of magic mapping
  1801 | D:2      | Identified a scroll of blinking
  1802 | D:2      | Identified a scroll of immolation
  1803 | D:2      | Identified a scroll of identify
  1803 | D:2      | Identified a +1 vampiric dagger (You found it on level 1 of
                  | the Dungeon)
  1865 | D:3      | Identified a +0 dagger
  1865 | D:3      | Identified a +0 robe
  1865 | D:3      | Identified a +0 dagger
  1865 | D:3      | Identified a +0 robe
  1867 | D:3      | Identified a +0 dagger
  1867 | D:3      | Identified a cursed +0 robe
  1867 | D:3      | Identified a +0 club
  1867 | D:3      | Identified a +0 ring mail
  1871 | D:3      | Reached skill level 4 in Stealth
  2111 | D:3      | Identified a cursed -3 dagger
  2304 | D:3      | Reached skill level 4 in Earth Magic
  2484 | D:3      | HP: 6/24 [orc wizard/+0 dagger (2)]
  2486 | D:3      | HP: 1/24 [orc wizard/+0 dagger (3)]
  2487 | D:3      | Reached XP level 6. HP: 1/28 MP: 8/13
  2805 | D:3      | Identified a +0 spear
  2900 | D:3      | Identified a +0 whip
  2928 | D:3      | Identified a +0 club
  2942 | D:3      | Identified a +0 club
  2998 | D:3      | Reached * piety under Dithmenos
  3011 | D:3      | Identified a +0 war axe
  3015 | D:3      | Identified a +3 short sword
  3015 | D:3      | Identified a +0 dagger
  3015 | D:3      | Identified a +0 leather armour
  3199 | D:3      | Identified a +0 club
  3260 | D:3      | Found a white marble altar of Elyvilon.
  3347 | D:3      | Found a shimmering blue altar of Sif Muna.
  3353 | D:3      | Identified a +0 dagger
  3353 | D:3      | Identified a +0 robe
  3353 | D:3      | Identified a cursed +0 dagger
  3353 | D:3      | Identified a cursed +0 robe
  3364 | D:3      | Reached skill level 2 in Short Blades
  3428 | D:3      | Identified a potion of curing
  3802 | D:4      | Found an ancient bone altar of Kikubaaqudgha.
  3855 | D:4      | Reached skill level 5 in Spellcasting
  3963 | D:4      | Identified an amulet of inaccuracy (You found it on level 4
                  | of the Dungeon)
  4116 | D:4      | Reached skill level 5 in Stealth
  4557 | D:5      | Entered Level 5 of the Dungeon
  4557 | D:5      | Identified a +0 giant club
  4560 | D:5      | Reached skill level 2 in Invocations
  4560 | D:5      | Reached XP level 7. HP: 32/32 MP: 13/15
  4565 | D:5      | Reached skill level 5 in Dodging
  4881 | D:5      | Identified a +0 dagger
  4881 | D:5      | Identified a +0 robe
  4881 | D:5      | Identified a +0 hand axe
  4899 | D:5      | Identified a +0 whip
  5121 | D:5      | Identified a cursed -2 giant club
  5185 | D:5      | Reached skill level 6 in Spellcasting
  5185 | D:5      | Reached skill level 5 in Earth Magic
  5205 | D:5      | Identified a +0 giant club
  5215 | D:5      | Reached skill level 3 in Short Blades
  5244 | D:5      | Reached XP level 8. HP: 30/36 MP: 12/18
  5254 | D:5      | Noticed Menkaure
  6032 | D:5      | Identified 2 scrolls of enchant weapon
  6158 | D:5      | Killed Menkaure
  6158 | D:5      | Reached skill level 6 in Stealth
  6215 | D:6      | Found a staircase to the Ecumenical Temple.
  6219 | D:6      | Identified a +2 halberd of flaming
  6389 | D:6      | Identified a cursed +0 hand axe
  6390 | D:6      | Identified a +0 mace
  6394 | D:6      | Identified a +0 war axe
  6432 | D:6      | Reached ** piety under Dithmenos
  6432 | D:6      | Reached skill level 3 in Invocations
  6666 | D:6      | Identified a cursed +0 halberd
  6666 | D:6      | Identified a +0 flail
  6734 | D:6      | Identified a +0 spear
  6769 | D:6      | Identified a +0 short sword
  6780 | D:6      | Identified a +0 dire flail
  6780 | D:6      | Identified a +0 chain mail
  6782 | D:6      | Found a shimmering blue altar of Sif Muna.
  6828 | D:6      | Reached skill level 6 in Dodging
  7206 | D:6      | Identified a +0 giant club
  7238 | D:6      | Reached skill level 7 in Spellcasting
  7284 | D:6      | Identified a +0 hand axe
  7284 | D:6      | Identified a +0 ring mail
  7284 | D:6      | Identified a +0 trident
  7285 | D:6      | Identified a +0 leather armour
  7289 | D:6      | Identified a +0 hand axe
  7324 | D:6      | HP: 9/36 [acid (9)]
  7405 | D:6      | Identified a +0 club
  7405 | D:6      | Identified a +0 ring mail
  7642 | D:6      | Learned a level 4 spell: Fulminant Prism
  7647 | D:6      | Learned a level 4 spell: Petrify
  7653 | D:6      | Learned a level 5 spell: Lee's Rapid Deconstruction
  7658 | D:6      | Identified a +0 short sword
  7658 | D:6      | Identified a +0 leather armour
  7658 | D:6      | Identified an uncursed ring of flight
  7658 | D:6      | Noticed Duvessa
  7661 | D:6      | Identified a +0 dagger
  7661 | D:6      | Identified a +0 robe
  7661 | D:6      | Noticed Dowan
  7670 | D:6      | Identified a +0 scythe
  7670 | D:6      | Identified a +0 robe
  7670 | D:6      | Noticed Sigmund
  7681 | D:6      | Killed Dowan
  7688 | D:6      | Killed Sigmund
  7773 | D:6      | Killed Duvessa
  7773 | D:6      | Reached skill level 1 in Hexes
  7773 | D:6      | Reached skill level 6 in Earth Magic
  7848 | D:6      | Identified a +2 vorpal flail
  7848 | D:6      | Identified a +0 scale mail
  7848 | D:6      | Noticed Edmund
  7919 | D:6      | Killed Edmund
  7919 | D:6      | Reached skill level 7 in Stealth
  8184 | D:6      | Reached skill level 4 in Short Blades
  8293 | D:6      | Reached XP level 9. HP: 26/38 MP: 21/21
  8423 | D:6      | Identified a +0 giant spiked club
  8423 | D:6      | Identified a +0 giant spiked club
  8423 | D:6      | Noticed a two-headed ogre
  8482 | D:6      | Killed a two-headed ogre
  8482 | D:6      | Reached skill level 7 in Dodging
  8482 | D:6      | Reached skill level 8 in Spellcasting
  8482 | D:6      | Reached skill level 3 in Hexes
  8482 | D:6      | Reached skill level 4 in Invocations
  8722 | D:7      | Identified an amulet of reflection (You found it on level 5
                  | of the Dungeon)
  8822 | D:7      | Found Wetra's Gadget Shoppe.
  8940 | D:7      | Found a bloodstained altar of Trog.
  9420 | D:7      | Found Niafrut's Assorted Antiques.
  9422 | D:7      | Identified a +0 club
  9422 | D:7      | Identified a +0 chain mail
  9433 | D:7      | Bought a scroll of identify for 44 gold pieces
  9433 | D:7      | Identified a scroll of remove curse
  9434 | D:7      | Identified a ring of protection (You found it on level 4 of
                  | the Dungeon)
  9435 | D:7      | Identified a ring of protection from fire (You found it on
                  | level 4 of the Dungeon)
  9437 | D:7      | Identified a ring of dexterity (You found it on level 2 of
                  | the Dungeon)
  9474 | D:7      | Identified a cursed -2 war axe
  9474 | D:7      | Identified a +0 robe
  9486 | D:7      | Identified a +0 mace
  9591 | D:3      | Identified Sif Muna's Incunabulum of the Volcanoes
  9687 | D:7      | Reached skill level 8 in Stealth
  9687 | D:7      | Reached skill level 4 in Hexes
  9734 | D:7      | Found Sepis's Magic Scroll Emporium.
  9760 | D:7      | Bought a scroll of teleportation for 42 gold pieces
  9808 | D:7      | Identified a +0 whip
  9808 | D:7      | Identified a +0 ring mail of fire resistance
  9854 | D:7      | Bought a scroll of teleportation for 66 gold pieces
  9895 | D:7      | Found a sparkling altar of Nemelex Xobeh.
  9937 | D:7      | Identified a +0 short sword
  9945 | D:7      | Identified a +0 short sword
  9949 | D:7      | Identified a +0 dagger
  9955 | D:7      | Identified a +0 club
  9955 | D:7      | Identified a +0 club
  9988 | D:7      | Reached skill level 7 in Earth Magic
 10018 | D:7      | Identified a +0 flail
 10018 | D:7      | Identified a +0 arbalest
 10056 | D:7      | Identified a +0 dagger
 10058 | D:7      | Identified a +1 broad axe
 10058 | D:7      | Identified a +0 chain mail
 10058 | D:7      | Noticed a death knight
 10058 | D:7      | Identified a +0 shortbow
 10060 | D:7      | Identified a +1 dagger of venom
 10060 | D:7      | Identified a +0 robe
 10060 | D:7      | Identified a +0 scimitar
 10060 | D:7      | Identified a cursed +0 chain mail
 10060 | D:7      | Noticed a troll
 10060 | D:7      | Noticed a manticore
 10106 | D:7      | Reached *** piety under Dithmenos
 10291 | D:8      | Reached XP level 10. HP: 43/43 MP: 20/23
 10294 | D:8      | Reached skill level 5 in Short Blades
 10298 | D:8      | Found a basalt altar of Yredelemnul.
 10311 | D:8      | Identified a +0 morningstar
 10311 | D:8      | Identified +0 acid dragon scales
 10311 | D:8      | Noticed Maggie
 10339 | D:8      | Killed Maggie
 10470 | D:8      | Identified a +0 robe
 10492 | D:8      | Identified a scarf of harm (You found it on level 8 of the
                  | Dungeon)
 10492 | D:8      | Identified a +0 giant spiked club
 10497 | D:8      | Reached skill level 5 in Hexes
 10504 | D:8      | Reached skill level 9 in Spellcasting
 10519 | D:8      | Identified a ring of protection from cold (You found it on
                  | level 8 of the Dungeon)
 10531 | D:8      | Identified a +0 club
 10531 | D:8      | Identified a +0 ring mail
 10533 | D:8      | Identified a +0 dagger
 10533 | D:8      | Identified a +0 robe
 10533 | D:8      | Identified a +0 hand axe
 10533 | D:8      | Identified a +0 falchion
 10533 | D:8      | Identified a cursed +0 ring mail
 10579 | D:8      | HP: 10/43 [sky beast (6)]
 10829 | D:8      | Identified a +0 whip
 10830 | D:8      | Identified a +0 short sword
 10830 | D:8      | Identified a +0 short sword
 10832 | D:8      | Identified a +1 dagger of venom
 10845 | D:8      | Identified a cursed -2 short sword
 11031 | D:8      | Identified a +0 hand axe
 11031 | D:8      | Identified a +0 ring mail
 11032 | D:8      | Identified a +0 dagger
 11033 | D:8      | Identified a +0 dagger
 11034 | D:8      | Identified a +0 dagger
 11290 | D:8      | Found Cotutudgha's General Store.
 11575 | D:7      | Killed a manticore
 11676 | D:7      | Reached skill level 8 in Dodging
 11764 | D:7      | HP: 5/43 [mirror damage (8)]
 12075 | D:9      | Identified a +0 club
 12075 | D:9      | Identified a +0 dagger
 12075 | D:9      | Identified a +0 leather armour
 12075 | D:9      | Identified a +0 scale mail
 12075 | D:9      | Identified a +0 falchion
 12075 | D:9      | Identified a +0 club
 12173 | D:9      | Found Facrui's Assorted Antiques.
 12185 | D:9      | Found Leetsis's Magic Scroll Emporium.
 12190 | D:9      | Found Wigru's Jewellery Shop.
 12199 | D:9      | Bought an uncursed ring of magical power for 220 gold
                  | pieces
 12204 | D:9      | Identified a +0 giant club
 12204 | D:9      | Identified a cursed -3 giant spiked club
 12204 | D:9      | Noticed a two-headed ogre
 12206 | D:9      | Found Kutuots's Distillery.
 12206 | D:9      | Found a staircase to the Orcish Mines.
 12210 | D:9      | Killed a two-headed ogre
 12210 | D:9      | Reached skill level 1 in Armour
 12210 | D:9      | Reached skill level 9 in Stealth
 12210 | D:9      | Reached skill level 6 in Hexes
 12210 | D:9      | Reached skill level 5 in Invocations
 12217 | D:9      | Bought a potion of heal wounds for 70 gold pieces
 12217 | D:9      | Bought a potion of heal wounds for 70 gold pieces
 12431 | D:9      | Identified a +0 whip of flaming
 12431 | D:9      | Identified a +0 robe
 12431 | D:9      | Noticed Pikel
 12443 | D:9      | Killed Pikel
 12754 | D:9      | Found a basalt altar of Yredelemnul.
 12766 | D:9      | Found a staircase to the Lair.
 12829 | D:9      | Identified +0 steam dragon scales
 12871 | D:9      | Reached XP level 11. HP: 46/46 MP: 25/25
 13070 | D:9      | Found Itocu's Food Shop.
 13124 | D:9      | Reached skill level 8 in Earth Magic
 13203 | D:9      | Identified a +0 giant club
 13249 | D:9      | Identified 3 scrolls of enchant armour
 13328 | Orc:1    | Entered Level 1 of the Orcish Mines
 13328 | Orc:1    | Identified a +0 flail
 13328 | Orc:1    | Identified a +0 chain mail
 13328 | Orc:1    | Identified a +0 club
 13328 | Orc:1    | Identified a +0 dagger
 13328 | Orc:1    | Identified a cursed +0 robe
 13328 | Orc:1    | Identified a +0 flail
 13328 | Orc:1    | Identified a +0 ring mail
 13329 | Orc:1    | Identified a +0 flail
 13329 | Orc:1    | Identified a +0 hand axe
 13331 | Orc:1    | Identified a +0 broad axe
 13331 | Orc:1    | Identified a +0 chain mail
 13370 | D:9      | Reached **** piety under Dithmenos
 13400 | D:9      | Reached skill level 10 in Spellcasting
 13461 | Orc:1    | Identified a +0 giant club
 13484 | D:9      | Reached skill level 2 in Armour
 13561 | Orc:1    | Identified a +0 short sword
 13561 | Orc:1    | Identified a +0 chain mail
 13561 | Orc:1    | Identified a +0 leather armour
 13562 | Orc:1    | Identified a +0 halberd
 13562 | Orc:1    | Identified a +0 plate armour
 13564 | Orc:1    | Identified a +0 flail
 13571 | Orc:1    | Identified a +0 hand axe
 13571 | Orc:1    | Identified a +0 ring mail
 13573 | Orc:1    | Identified a +0 flail
 13573 | Orc:1    | Identified a +0 plate armour
 13574 | Orc:1    | Identified a +0 dagger
 13576 | Orc:1    | Reached skill level 6 in Short Blades
 13578 | Orc:1    | Identified a +0 trident
 13578 | Orc:1    | Identified a +0 ring mail
 13580 | Orc:1    | Identified a +0 dagger
 13580 | Orc:1    | Identified a +0 robe
 13580 | Orc:1    | Identified a +2 hand axe of freezing
 13740 | Orc:1    | Identified a +0 giant club
 13762 | Orc:1    | Reached skill level 7 in Hexes
 13817 | Orc:1    | Identified a +1 chain mail of magic resistance
 13819 | Orc:1    | Identified a +0 hand axe
 13819 | Orc:1    | Identified a +0 chain mail
 13821 | Orc:1    | Identified a +0 short sword
 13821 | Orc:1    | Identified a +0 chain mail
 13861 | Orc:1    | Identified a +0 dire flail
 13861 | Orc:1    | Identified a +0 dire flail
 13861 | Orc:1    | Noticed an ettin
 13861 | Orc:1    | Identified a +0 hand axe
 13867 | Orc:1    | Identified a +0 hand axe
 13868 | Orc:1    | Identified a +0 ring mail
 13870 | Orc:1    | Identified a +0 mace
 13870 | Orc:1    | Identified a +0 plate armour
 13870 | Orc:1    | Identified a +0 dagger
 13871 | Orc:1    | Identified a +0 long sword
 13871 | Orc:1    | Identified a +0 plate armour
 13871 | Orc:1    | Identified a +0 flail
 13936 | Orc:1    | Killed an ettin
 14080 | Orc:1    | Identified a +2 hand axe of venom
 14081 | Orc:1    | Identified a +0 dagger
 14081 | Orc:1    | Identified a +0 robe
 14086 | Orc:1    | Found Rihuemm's Food Emporium.
 14385 | Orc:1    | Identified a +0 dagger
 14385 | Orc:1    | Identified a +0 robe
 14386 | Orc:1    | Identified a +1 falchion of holy wrath
 14499 | Orc:1    | Identified a +0 long sword
 14499 | Orc:1    | Identified a +0 chain mail
 14501 | Orc:1    | Identified a +0 flail
 14555 | Orc:1    | Identified a +0 mace
 14555 | Orc:1    | Noticed an orc high priest
 14561 | Orc:1    | Identified a +0 war axe
 14561 | Orc:1    | Identified a +0 chain mail
 14563 | Orc:1    | Identified a +0 trident
 14563 | Orc:1    | Identified a +0 chain mail
 14563 | Orc:1    | Identified a +0 club
 14565 | Orc:1    | Identified a +0 flail of protection
 14565 | Orc:1    | Identified a +0 war axe
 14565 | Orc:1    | Identified a +0 plate armour
 14565 | Orc:1    | Identified a +0 short sword
 14565 | Orc:1    | Identified a +0 leather armour
 14565 | Orc:1    | Identified a +0 short sword
 14565 | Orc:1    | Identified a +0 plate armour
 14568 | Orc:1    | Identified a cursed -1 dagger
 14568 | Orc:1    | Identified a cursed +0 robe
 14568 | Orc:1    | Noticed an orc sorcerer
 14918 | Orc:1    | Reached skill level 9 in Dodging
 14947 | Orc:1    | Killed an orc high priest
 15016 | Orc:1    | Identified a +0 scimitar
 15016 | Orc:1    | Identified a +0 chain mail
 15016 | Orc:1    | Identified a +0 dagger
 15016 | Orc:1    | Identified a +0 robe
 15019 | Orc:1    | Identified a +0 dagger
 15019 | Orc:1    | Identified a +0 robe
 15037 | Orc:1    | Identified a +0 flail
 15187 | Orc:1    | Identified a +2 great sword
 15187 | Orc:1    | Identified a +0 plate armour
 15187 | Orc:1    | Noticed an orc knight
 15499 | Orc:1    | Identified a +0 flail
 15499 | Orc:1    | Identified a +0 chain mail
 15553 | Orc:1    | Identified a +0 club
 15553 | Orc:1    | Identified a +0 leather armour
 15572 | Orc:1    | Identified a +0 dagger
 15572 | Orc:1    | Identified a +0 robe
 15578 | Orc:1    | Killed an orc knight
 15655 | Orc:1    | Noticed a soul eater
 15818 | Orc:1    | Killed an orc sorcerer
 15818 | Orc:1    | Reached skill level 3 in Armour
 15818 | Orc:1    | Reached skill level 10 in Stealth
 15860 | Orc:1    | Identified a +0 war axe
 15860 | Orc:1    | Identified a cursed +0 chain mail
 15860 | Orc:1    | Identified a +0 dire flail
 15860 | Orc:1    | Identified a +0 plate armour
 16141 | Orc:1    | Learned a level 3 spell: Dazzling Flash
 16211 | Orc:1    | Identified a +0 dagger
 16211 | Orc:1    | Identified a +0 robe
 16212 | Orc:1    | Identified a +0 flail
 16214 | Orc:1    | Found a roughly hewn altar of Beogh.
 16224 | Orc:1    | Identified a +0 trident
 16224 | Orc:1    | Identified a +0 plate armour
 16229 | Orc:1    | Reached ***** piety under Dithmenos
 16236 | Orc:1    | HP: 9/46 [orc warrior/+0 trident (15)]
 16680 | Orc:2    | Entered Level 2 of the Orcish Mines
 16683 | Orc:2    | Identified a +0 glaive
 16683 | Orc:2    | Identified a cursed +0 chain mail
 16683 | Orc:2    | Identified a +0 trident
 16683 | Orc:2    | Identified a +0 flail
 16953 | Orc:2    | Identified a cursed -1 halberd
 16953 | Orc:2    | Identified a +0 plate armour
 16953 | Orc:2    | Identified a +0 falchion
 16953 | Orc:2    | Identified a +0 morningstar
 16953 | Orc:2    | Identified a +0 leather armour
 16953 | Orc:2    | Identified a +0 dagger
 16953 | Orc:2    | Identified a +0 robe
 16957 | Orc:2    | Identified a +0 giant club
 16992 | Orc:2    | Found a staircase to the Elven Halls.
 16994 | Orc:2    | Identified a +0 dagger
 16994 | Orc:2    | Identified a +1 robe of resistance
 16994 | Orc:2    | Noticed an orc sorcerer
 17014 | Orc:2    | Identified a +0 falchion
 17015 | Orc:2    | Identified a +0 trident
 17015 | Orc:2    | Identified a +0 leather armour
 17018 | Orc:2    | Identified a +0 dire flail
 17018 | Orc:2    | Identified a +0 plate armour
 17020 | Orc:2    | HP: 2/46 [orc priest/divine providence (12)]
 17064 | Orc:2    | Found Hus Axtae's Distillery.
 17068 | Orc:2    | Reached skill level 8 in Hexes
 17608 | Orc:2    | Identified a +0 club
 17608 | Orc:2    | Identified a +0 scale mail
 17610 | Orc:2    | Identified a +0 mace
 17610 | Orc:2    | Identified a +0 chain mail
 17610 | Orc:2    | Identified a +0 dagger
 17610 | Orc:2    | Identified a cursed -2 robe
 17611 | Orc:2    | Killed an orc sorcerer
 17611 | Orc:2    | Reached skill level 6 in Invocations
 17617 | Orc:2    | Identified a +0 whip
 17808 | Orc:2    | Identified a +0 dagger
 17808 | Orc:2    | Identified a +0 leather armour
 17808 | Orc:2    | Identified a +0 whip
 17808 | Orc:2    | Identified a +0 leather armour
 17902 | Orc:2    | Identified a +0 trident
 17902 | Orc:2    | Identified a +0 flail
 17905 | Orc:2    | Identified a +0 whip
 17926 | Orc:2    | Identified a +0 halberd
 17926 | Orc:2    | Identified a +0 chain mail
 17928 | Orc:2    | Identified a +0 mace
 17935 | Orc:2    | Identified a +0 flail
 17940 | Orc:2    | Identified a +0 dagger
 17997 | Orc:2    | Identified a +0 whip
 18047 | Orc:2    | Identified a +0 hand axe
 18050 | Orc:2    | Found Yhutzon's Magic Scroll Emporium.
 18050 | Orc:2    | Identified a +0 flail
 18050 | Orc:2    | Identified a +0 club
 18050 | Orc:2    | Identified a +0 leather armour
 18054 | Orc:2    | Identified a +0 trident
 18054 | Orc:2    | Identified a +0 plate armour
 18059 | Orc:2    | Identified a +0 war axe
 18059 | Orc:2    | Identified a +0 chain mail
 18288 | Orc:2    | Reached XP level 12. HP: 38/51 MP: 26/27
 18372 | Orc:2    | Identified a +0 hand axe
 18374 | Orc:2    | Identified a +0 great mace
 18374 | Orc:2    | Identified a +0 chain mail
 18398 | Orc:2    | Identified a +0 trident
 18398 | Orc:2    | Identified a +0 plate armour
 18433 | Orc:2    | Identified a +0 long sword
 18433 | Orc:2    | Identified a +0 plate armour
 18449 | Orc:2    | Reached skill level 11 in Spellcasting
 18487 | Orc:2    | Identified a cursed -2 flail
 18489 | Orc:2    | Identified a +0 mace
 18608 | Orc:2    | Found Zooheyseah's General Store.
 18615 | Orc:2    | Identified a +0 glaive
 18615 | Orc:2    | Identified a +0 plate armour
 18671 | Orc:2    | Identified a +0 war axe
 18671 | Orc:2    | Identified a +0 chain mail
 18674 | Orc:2    | Identified a +3 flail
 18674 | Orc:2    | Identified a +0 plate armour
 18706 | Orc:2    | Identified a +0 hand axe
 18706 | Orc:2    | Identified a +0 leather armour
 18734 | Orc:2    | Identified a +0 long sword
 18734 | Orc:2    | Identified a +0 plate armour
 19132 | Orc:2    | Identified a +0 flail
 19148 | Orc:2    | Reached skill level 9 in Earth Magic
 19161 | Orc:2    | Bought a scroll of blinking for 120 gold pieces
 19161 | Orc:2    | Bought a scroll of identify for 32 gold pieces
 19161 | Orc:2    | Bought a scroll of teleportation for 48 gold pieces
 19161 | Orc:2    | Bought a scroll of teleportation for 48 gold pieces
 19161 | Orc:2    | Bought a scroll of teleportation for 48 gold pieces
 19220 | Orc:2    | Identified a +0 dagger
 19220 | Orc:2    | Identified a +0 robe
 19220 | Orc:2    | Identified a +0 war axe
 19220 | Orc:2    | Identified a +0 leather armour
 19220 | Orc:2    | Noticed an orc high priest
 19220 | Orc:2    | Identified a +2 trident of venom
 19220 | Orc:2    | Identified a +0 chain mail
 19220 | Orc:2    | Identified a +0 battleaxe
 19220 | Orc:2    | Identified a +0 leather armour
 19220 | Orc:2    | Noticed an orc high priest
 19240 | Orc:2    | Identified a +0 trident
 19240 | Orc:2    | Identified a +0 great sword
 19240 | Orc:2    | Identified a +0 plate armour
 19240 | Orc:2    | Identified a +0 halberd
 19240 | Orc:2    | Identified a +0 plate armour
 19264 | Orc:2    | Identified a +0 war axe
 19305 | Orc:2    | Identified a +0 battleaxe
 19305 | Orc:2    | Identified a +0 chain mail
 19314 | Orc:2    | Identified a +2 demon trident of venom
 19674 | Orc:2    | Identified a cursed +0 short sword
 19674 | Orc:2    | Identified a +0 plate armour
 19674 | Orc:2    | Identified a +0 war axe
 19674 | Orc:2    | Identified a +0 chain mail
 19693 | Orc:2    | Reached skill level 7 in Short Blades
 19721 | Orc:2    | Identified a +0 battleaxe
 19721 | Orc:2    | Noticed an orc high priest
 19740 | Orc:2    | Killed an orc high priest
 19740 | Orc:2    | Reached skill level 4 in Armour
 19784 | Orc:2    | Identified a +0 halberd
 19784 | Orc:2    | Identified a +0 plate armour
 19887 | Orc:2    | Identified a +0 whip
 20088 | Orc:2    | Identified a +1 short sword of draining
 20088 | Orc:2    | Identified a +0 ring mail
 20143 | Orc:2    | Killed an orc high priest
 20262 | Orc:2    | Identified a +0 scimitar
 20262 | Orc:2    | Noticed an orc high priest
 20262 | Orc:2    | Identified a +0 dagger
 20262 | Orc:2    | Identified a +0 robe
 20262 | Orc:2    | Identified a +2 dagger of venom
 20262 | Orc:2    | Identified a +1 robe of magic resistance
 20442 | Orc:2    | Killed an orc high priest
 20442 | Orc:2    | Reached skill level 10 in Dodging
 20442 | Orc:2    | Reached skill level 9 in Hexes
 20586 | Orc:2    | Identified a +0 dagger
 20586 | Orc:2    | Identified a +0 robe
 20586 | Orc:2    | Identified a +0 halberd
 20586 | Orc:2    | Identified a +0 chain mail
 20588 | Orc:2    | Identified a +0 dagger
 20588 | Orc:2    | Identified a +0 robe
 20589 | Orc:2    | Killed an orc high priest
 20594 | Orc:2    | Reached skill level 11 in Stealth
 20753 | Orc:2    | Identified a +0 mace
 20753 | Orc:2    | Identified a +0 chain mail
 20753 | Orc:2    | Noticed an orc high priest
 20985 | Orc:2    | Killed an orc high priest
 21000 | Orc:2    | Identified a +2 dagger of speed
 21000 | Orc:2    | Identified a +0 robe
 21004 | Orc:2    | Identified a +2 demon blade of pain
 21004 | Orc:2    | Identified a +0 chain mail
 21025 | Orc:2    | Paralysed by an orc sorcerer for 4 turns
 21027 | Orc:2    | HP: 4/51 [orc sorcerer/bolt of negative energy (18)]
 21028 | Orc:2    | Mangled by a sun demon

Table legend:
 A = Turns spent in this place as a percentage of turns spent in the entire game.
 B = Non-inter-level travel turns spent in this place as a percentage of non-inter-level travel turns spent in the entire game.
 C = Inter-level travel turns spent in this place as a percentage of turns spent in this place.
 D = Turns resting spent in this place as a percentage of non-inter-level travel turns spent in this place.
 E = Turns spent auto-exploring this place as a percentage of non-inter-level travel turns spent in this place.
 F = Non-inter-level travel turns spent in this place divided by the number of levels of this place that you've seen.
                   A       B       C       D       E      F
               +-------+-------+-------+-------+-------+----------------------
         Total | 100.0 | 100.0 |   4.9 |  40.2 |  27.2 | 1817.8
       Dungeon |  65.0 |  63.7 |   6.7 |  36.5 |  32.6 | 1415.9
  Orcish Mines |  35.0 |  36.3 |   1.6 |  46.7 |  17.7 | 3626.5
               +-------+-------+-------+-------+-------+----------------------

Table legend:
 A = Kills in this place as a percentage of kills in entire the game.
 B = Kills by you in this place as a percentage of kills by you in the entire game.
 C = Kills by friends in this place as a percentage of kills by friends in the entire game.
 D = Other kills in this place as a percentage of other kills in the entire game.
 E = Experience gained in this place as a percentage of experience gained in the entire game.
 F = Experience gained in this place divided by the number of levels of this place that you have seen.
                   A       B       C       D       E      F
               +-------+-------+-------+-------+-------+----------------------
         Total | 100.0 | 100.0 |   N/A | 100.0 | 100.0 | 3287.0
       Dungeon |  63.3 |  63.2 |   N/A | 100.0 |  34.2 | 1375.1
  Orcish Mines |  36.7 |  36.8 |   N/A |   0.0 |  65.8 | 11890.5
               +-------+-------+-------+-------+-------+----------------------

Skill      XL: |  1  2  3  4  5  6  7  8  9 10 11 12 |
---------------+-------------------------------------+-----
Spellcasting   | 3 4 5 6 7 8 9 10 11 | 11.9
Earth Magic    | 3 4 5 6 7 8 9 |  9.7
Short Blades   | 1 2 3 4 5 6 7 |  7.5
Dodging        | 4 5 6 7 8 9 10 | 10.4
Invocations    | 1 2 3 4 5 6 |  6.8
Stealth        | 4 5 7 8 9 10 11 | 11.2
Hexes          | 1 4 6 8 9 |  9.7
Armour         | 1 3 4 |  4.0
Transmutations | |  1.3

Action                   |  1- 3 |  4- 6 |  7- 9 | 10-12 || total
-------------------------+-------+-------+-------+-------++-------
Melee: Unarmed           |    43 |       |       |       ||    43
       Dagger            |       |   473 |   270 |   489 ||  1232
       Short sword       |       |       |   141 |    43 ||   184
Throw: Dart              |     7 |     2 |    84 |   127 ||   220
       Stone             |     2 |       |     1 |     2 ||     5
 Cast: Sandblast         |    33 |    50 |    58 |   121 ||   262
       Stone Arrow       |       |     1 |     8 |    51 ||    60
       Petrify           |       |       |       |    36 ||    36
       Lee's Rapid Decon |       |       |       |    17 ||    17
       Dazzling Flash    |       |       |       |     9 ||     9
       Fulminant Prism   |       |       |       |     1 ||     1
Invok: Shadow Step       |       |       |       |     1 ||     1
 Abil: Stop Flying       |       |       |     1 |       ||     1
       Evoke Flight      |       |       |     1 |       ||     1
Evoke: Wand              |       |       |       |     1 ||     1
  Use: Scroll            |       |     8 |     4 |     2 ||    14
       Potion            |       |       |       |     2 ||     2
 Stab: Sleeping          |     2 |     7 |    18 |    15 ||    42
       Invisible         |       |     1 |     2 |     4 ||     7
       Distracted        |       |     1 |     1 |     1 ||     3
       Petrified         |       |       |       |    23 ||    23
       Confused          |       |       |       |     1 ||     1
       Petrifying        |       |       |       |     1 ||     1
  Eat: Ration            |       |     1 |     3 |     8 ||    12
Armor: Robe              |    13 |    17 |    12 |     8 ||    50
       Steam dragon scal |       |       |       |    12 ||    12
Dodge: Dodged            |    45 |   268 |   354 |   474 ||  1141
Block: Other             |       |       |    28 |   119 ||   147
       Reflection        |       |       |     4 |     8 ||    12

Vanquished Creatures
  An ettin (Orc:1)
  2 two-headed ogres
  6 orc high priests
  A sixfirhy (Orc:2)
  A torturous demonspawn (Orc:2)
  5 orc knights
  Pikel (D:9)
  7 orc sorcerers
  A manticore (D:7)
  A cyclops (Orc:2)
  A smoke demon (Orc:2)
  An orange demon (Orc:2)
  A rust devil (Orc:2)
  Maggie (D:8)
  An ice devil (Orc:2)
  A red devil (Orc:2)
  4 trolls
  A hippogriff (D:7)
  A yak (D:9)
  A hungry ghost (D:8)
  3 wargs
  Menkaure (D:5)
  Edmund (D:6)
  A steam dragon (D:9)
  A water moccasin (D:7)
  5 porcupines (D:9)
  Duvessa (D:6)
  2 sky beasts
  37 orc warriors
  A slave (D:9)
  2 ice beasts
  A necrophage (D:6)
  2 phantoms
  7 black bears
  9 ogres
  A centaur (D:7)
  2 big kobolds
  4 bullfrogs
  7 scorpions
  4 howler monkeys
  A crimson imp (D:5)
  A lava snake (Orc:1)
  A bullfrog zombie (D:5)
  A quasit (D:9)
  3 hounds
  22 orc priests
  A bullfrog skeleton (D:5)
  2 jellies
  19 orc wizards
  2 iguanas
  7 worker ants
  4 gnolls (D:6)
  11 adders
  2 howler monkey skeletons
  3 shadow imps
  2 oozes
  An adder zombie (D:5)
  2 adder skeletons
  3 worms (D:3)
  A dart slug (D:3)
  5 leopard geckos
  72 orcs
  3 giant cockroaches (D:2)
  9 hobgoblins
  10 jackals
  15 kobolds
  3 quokkas
  3 ball pythons
  3 bats (D:2)
  9 frilled lizards
  3 goblins
  A jackal skeleton (D:6)
  A jackal zombie (D:6)
  2 leopard gecko skeletons
  6 rats
  A plant (D:4)
366 creatures vanquished.

Vanquished Creatures (others)
  Sigmund (D:6)
  Dowan (D:6)
  An adder (D:9)
  9 bushes (D:6)
  A fulminant prism (Orc:1)
  34 fungi (D:9)
  2 plants (D:9)
49 creatures vanquished.

Grand Total: 415 creatures vanquished
